 Dungeon Crawl Stone Soup version 0.24.0-3-g28a8eb0610 (webtiles) character file.

Game seed: 11268790855727686906, levelgen mode: deterministic

163825 Fv001 the Formicid Cataclysm (level 18, -13/138 HPs)
             Began as a Formicid Gladiator on Nov 1, 2019.
             Was a High Priest of Qazlal.
             Killed from afar by a servant of whispers (43 damage)
             ... with a bolt of lightning
             ... in the Desolation of Salt.
             The game lasted 02:10:16 (34511 turns).

Fv001 the Formicid Cataclysm (Formicid Gladiator)  Turns: 34511, Time: 02:10:17

Health: -13/138    AC: 24    Str: 30    XL:     18   Next: 17%
Magic:  3/10       EV: 15    Int: 10    God:    Qazlal [*****.]
Gold:   2383       SH: 25    Dex: 15    Spells: 17/17 levels left

rFire    + + .     SeeInvis +   a - +9 great sword of the Well-Known Planets {antimagic, rPois rF+ rC+ MR+}
rCold    + + +     Gourm    .   L - +4 shield
rNeg     + + .     Faith    .   u - +7 chain mail of the Depths {rC+ Int+3}
rPois    +         Spirit   .   (helmet unavailable)
rElec    +         Reflect  .   r - +2 cloak
rCorr    .         Harm     .   (no gloves)
MR       +++..                  V - +0 pair of boots "Saunob" {rC+ rN+ Str+3 SInv}
Stlth    ..........             (no amulet)
HPRegen  0.33/turn              g - ring of Harmony {rF+ rN+ MR+ Dex+2}
MPRegen  0.12/turn              k - ring of poison resistance

@: protected from electricity, repel missiles
A: permanent stasis, dig shafts and tunnels, four strong arms, antennae 3
}: 1/15 runes: serpentine
a: Dig, Shaft Self, Upheaval, Elemental Force, Disaster Area, Renounce Religion


You were in the Desolation of Salt.
You worshipped Qazlal.
Qazlal was extremely pleased with you.
You were not hungry.

You visited 6 branches of the dungeon, and saw 27 of its levels.
You also visited: Volcano and Desolation.

You collected 2591 gold pieces.
You spent 208 gold pieces at shops.

Inventory:

Hand Weapons
 a - the +9 great sword of the Well-Known Planets (weapon) {antimagic, rPois rF+ rC+ MR+}
   (You found it on level 3 of the Lair of Beasts)

   It reduces the magical energy of the wielder, and disrupts the spells and
   magical abilities of those hit.
   Natural abilities and divine invocations are not affected.
   It protects you from fire.
   It protects you from cold.
   It protects you from poison.
   It affects your resistance to hostile enchantments.
 b - a +0 shortbow of flaming
 c - a +0 rapier
 B - a +4 great sword
Missiles
 t - 531 arrows
Armour
 r - a +2 cloak (worn)
 u - the +7 chain mail of the Depths (worn) {rC+ Int+3}
   (You found it on level 3 of the Snake Pit)

   It affects your intelligence (+3).
   It protects you from cold.
 I - a +2 plate armour
 L - a +4 shield (worn)
 P - the +1 plate armour of Death Resistance {Str+7 Dex+6}
   (You found it on level 10 of the Dungeon)

   It affects your strength (+7).
   It affects your dexterity (+6).
 V - the +0 pair of boots "Saunob" (worn) {rC+ rN+ Str+3 SInv}
   (You found it in a volcano)

   It affects your strength (+3).
   It protects you from cold.
   It protects you from negative energy.
   It lets you see invisible.
Jewellery
 g - the ring of Harmony (left hand) {rF+ rN+ MR+ Dex+2}
   (You took it off an orc wizard on level 7 of the Dungeon)

   [ring of positive energy]

   It affects your dexterity (+2).
   It protects you from fire.
   It protects you from negative energy.
   It affects your resistance to hostile enchantments.
 i - an uncursed ring of protection from fire
 k - a ring of poison resistance (right hand)
 G - an uncursed ring of resist corrosion
 N - an uncursed ring of protection from magic
 R - a +3 ring of protection
Wands
 m - a wand of digging (10)
 n - a wand of acid (13)
 y - a wand of scattershot (9)
 E - a wand of disintegration (15)
 H - a wand of flame (42)
 O - a wand of paralysis (8)
 S - a wand of iceblast (8)
Scrolls
 f - a scroll of fog {unknown}
 h - 2 scrolls of holy word
 o - 12 scrolls of remove curse
 p - a scroll of immolation {unknown}
 q - 4 scrolls of fear
 v - a scroll of random uselessness {unknown}
 w - 3 scrolls of magic mapping
 z - 2 scrolls of noise {unknown}
 J - 2 scrolls of summoning {unknown}
 K - a scroll of brand weapon {unknown}
 M - a scroll of torment {unknown}
 Y - 3 scrolls of vulnerability
Potions
 e - 5 potions of ambrosia
 j - a potion of cancellation {unknown}
 l - 3 potions of resistance
 s - 2 potions of magic
 x - 7 potions of might
 A - 5 potions of lignification
 D - 6 potions of curing
 Q - 2 potions of invisibility
 T - a potion of experience {unknown}
 W - a potion of agility
 Z - 9 potions of heal wounds
Comestibles
 d - 45 rations
 C - 6 chunks of flesh


   Skills:
 + Level 11.5 Fighting
 * Level 14.5 Long Blades
 + Level 7.6 Bows
 - Level 5.1 Throwing
 + Level 11.3 Armour
 + Level 10.0 Dodging
 - Level 5.0 Stealth
 + Level 10.4 Shields
 * Level 16.0 Invocations
 + Level 9.9 Evocations


You had 17 spell levels left.
You didn't know any spells.
Your spell library contained the following spells:

 Spells                   Type           Power        Failure   Level  Hunger
 Confusing Touch          Hex            #.....       80%         1    ##.....
 Corona                   Hex            #......      80%         1    ##.....
 Magic Dart               Conj           #...         80%         1    ##.....
 Sting                    Conj/Pois      #...         80%         1    ##.....
 Summon Butterflies       Summ           #.......     80%         1    ##.....
 Call Imp                 Summ           #.......     91%         2    ###....
 Searing Ray              Conj           #.....       91%         2    ###....
 Slow                     Hex            #.......     91%         2    ###....
 Throw Frost              Conj/Ice       #.....       91%         2    ###....
 Confuse                  Hex            #.......     99%         3    ####...
 Conjure Flame            Conj/Fire      #.......     99%         3    ####...
 Dazzling Spray           Conj/Hex       #.....       99%         3    ####...
 Gell's Gravitas          Tloc           #.........   99%         3    ####...
 Inner Flame              Hex/Fire       #.......     99%         3    ####...
 Mephitic Cloud           Conj/Pois/Air  #.......     99%         3    ####...
 Portal Projectile        Hex/Tloc       #.....       99%         3    ####...
 Cause Fear               Hex            #.........   100%        4    #####..
 Force Lance              Conj/Tloc      #.......     100%        4    #####..
 Fulminant Prism          Conj/Hex       #.........   100%        4    #####..
 Iskenderun's Mystic Bla  Conj           #.......     100%        4    #####..
 Leda's Liquefaction      Hex/Erth       #.........   100%        4    #####..
 Petrify                  Tmut/Erth      #.......     100%        4    #####..
 Summon Lightning Spire   Summ/Air       #.......     100%        4    #####..
 Bolt of Draining         Conj/Necr      #.........   100%        5    ######.
 Irradiate                Conj/Tmut      #.........   100%        5    ######.
 Metabolic Englaciation   Hex/Ice        #.........   100%        5    ######.
 Silence                  Hex/Air        #.........   100%        5    ######.
 Summon Forest            Summ/Tloc      #.........   100%        5    ######.
 Yara's Violent Unravell  Hex/Tmut       #.........   100%        5    ######.
 Conjure Ball Lightning   Conj/Air       #.........   100%        6    #######
 Deflect Missiles         Chrm/Air       #.........   100%        6    #######
 Hydra Form               Tmut           #.........   100%        6    #######
 Statue Form              Tmut/Erth      #........    100%        6    #######
 Dragon Form              Tmut           #.........   100%        7    #######
 Discord                  Hex            #.........   100%        8    #######
 Tornado                  Air            #.........   100%        9    #######
 Blink                    Tloc           Unusable     N/A         2    N/A

Dungeon Overview and Level Annotations

Branches:
Dungeon (12/15)            Temple (1/1) D:4            Lair (6/6) D:10
  Swamp (0/4) Lair:2        Snake (4/4) Lair:4        Slime (0/5) Lair:6
    Orc (2/2) D:11            Elf (2/3) Orc:2       Volcano (visited)
Desolation (1/1)

Altars:
Ashenzari
Cheibriados
Dithmenos
Elyvilon
Fedhas
Gozag
Hepliaklqana
Kikubaaqudgha
Makhleb
Nemelex Xobeh
Okawaru
Qazlal
Ru
Sif Muna
Trog
Uskayaw
Vehumet
Wu Jian
Xom
Yredelemnul
Zin
The Shining One
Beogh
Jiyva

Shops:
D:11 [   Orc:2 (!(*   Elf:1 :%

Annotations:
Orc:1 3 runed translucent doors, Rygut's ghost, journeyman DrFi


Innate Abilities, Weirdness & Mutations

You cannot be hasted, slowed, berserked, paralysed or teleported.
You can dig through walls and to a lower floor.
Your four strong arms can wield two-handed weapons with a shield.
You have a pair of large antennae on your head. (SInv)


Message History

The saltling misses you. You block the saltling's attack.
The saltling no longer looks unusually strong.
The ragged hierophant gestures wildly while chanting.
The ragged hierophant begins to accept its allies' injuries.
A saltling comes into view.
The saltling misses you.
You riposte.
You barely miss the saltling.
The saltling is heavily damaged.
The servant of whispers mumbles some strange prayers to its god against you.
The bolt of lightning hits you!!
* * * LOW HITPOINT WARNING * * *
Unknown command.
The air resumes its normal movements.
The ragged hierophant points at you and mumbles some strange words.
A blast of power from the earth strikes you!
* * * LOW HITPOINT WARNING * * *
The servant of whispers invokes the aid of its god against you.
The bolt of lightning hits you!!!
Your resistance to physical damage fades away.
You feel protected from electricity.
You die...

.....≈...........
.....≈≈..........
....8≈........≈..#.
......≈.8.....≈.....
.....8pp≈......≈.....
..≈.)888..............
..8..p≈.≈..#..........
....≈...8.≈#..........
......8≈.@............
......................
..............∩.......
......................
..............∩.......
......................
..................#..
...#................
.................


You could see 2 ragged hierophants, a servant of whispers and 9 saltlings.

Vanquished Creatures
  Gastronok (Lair:3)
  Kirke (Snake:3)
  The ghost of Dittersdorf the Severer, an adept MiBe of Trog (Snake:2)
  5 nagarajas
  A deep elf sorcerer (Elf:1)
  2 fire dragons
  Josephine (D:10)
  A servant of whispers (Desolation)
  8 naga warriors
  8 anacondas
  Erolcha (D:10)
  6 hydras
  2 catoblepae
  A peacekeeper (Desolation)
  The ghost of Sammaje the Cleaver, a novice MiBe of Trog (Lair:1)
  6 two-headed ogres
  The ghost of Froggeryz the Grappler, a novice DrWn of Makhleb (D:8)
  A dancing weapon (Elf:2)
  Nergalle (D:10)
  3 orc high priests (Orc:2)
  8 shock serpents
  9 naga sharpshooters
  Urug (D:11)
  5 deep elf knights
  3 salamander mystics (Snake:3)
  4 sea snakes (Snake:4)
  2 naga ritualists
  2 unseen horrors
  A deep elf archer (Elf:1)
  An ironbrand convoker (Desolation)
  2 lindwurms
  4 orc knights (Orc:2)
  20 deep elf magi
  6 orc sorcerers (Orc:2)
  3 cyclopes (D:12)
  12 mana vipers
  17 salamanders
  4 ugly things
  4 centaur zombies
  9 elephants (Lair:5)
  15 naga magi
  33 black mambas
  3 molten gargoyles (Lair:6)
  The ghost of Gruesph the Cleaver, a novice MiBe of Trog (D:5)
  Psyche (D:8)
  A gargoyle (D:12)
  6 spiny frogs
  3 rime drakes
  3 kobold demonologists (D:11)
  8 komodo dragons
  2 trolls
  A polar bear (Lair:6)
  A meliai (D:12)
  4 blink frogs (Lair:2)
  5 hippogriffs
  10 dream sheep (Lair:6)
  9 saltlings (Desolation)
  A shadow (D:11)
  16 wyverns
  A vampire (D:12)
  5 wraiths (D:10)
  11 yaks
  A water elemental (Elf:1)
  2 hogs (Snake:3)
  3 humans
  11 fire bats
  2 hungry ghosts
  6 basilisks
  3 fire elementals
  Grum (D:10)
  4 vampire mosquitoes (Lair:2)
  3 steam dragons
  3 wargs (D:9)
  48 nagas
  An acid dragon (D:11)
  10 water moccasins
  A soldier ant (D:12)
  6 porcupines
  5 hell hounds (Lair:6)
  26 orc warriors
  A hornet zombie (D:12)
  5 ice beasts
  2 sky beasts
  An eye of draining (D:11)
  15 ogres
  A phantom (D:10)
  3 centaurs
  16 wolves
  15 crocodiles
  4 big kobolds
  10 bullfrogs
  An earth elemental (Elf:1)
  2 scorpions
  5 killer bees
  22 wights
  8 howler monkeys
  7 lava snakes
  A crimson imp (D:7)
  4 bullfrog zombies
  5 hounds
  20 orc priests
  3 bullfrog skeletons
  2 jellies
  28 orc wizards
  A gnoll shaman (D:5)
  Ijyb (D:5)
  3 centaur skeletons
  4 iguanas
  4 worker ants
  6 hell rats (Lair:5)
  A statue (D:4)
  A hound skeleton (D:4)
  13 adders
  3 gnolls (D:5)
  2 howler monkey skeletons
  5 shadow imps
  An ooze (D:4)
  2 adder skeletons
  4 worms
  4 dart slugs
  8 leopard geckos
  113 orcs
  A ball python (D:1)
  6 bats
  4 giant cockroaches
  14 goblins
  11 hobgoblins
  6 jackals (D:8)
  25 kobolds
  3 quokkas
  3 frilled lizards
  A leopard gecko skeleton (D:4)
  24 rats
  2 plants
902 creatures vanquished.

Vanquished Creatures (others)
  Fannar (D:11)
  An orc wizard (D:12)
  5 fungi
  31 plants
38 creatures vanquished.

Grand Total: 940 creatures vanquished

Notes
Turn   | Place    | Note
-------+----------+-------------------------------------------
     0 | D:1      | Fv001 the Formicid Gladiator began the quest for the Orb.
     0 | D:1      | Reached XP level 1. HP: 16/16 MP: 1/1
    52 | D:1      | Reached XP level 2. HP: 16/23 MP: 2/2
   307 | D:1      | Reached XP level 3. HP: 25/28 MP: 3/3
   368 | D:1      | Reached skill level 1 in Armour
  1213 | D:2      | Reached XP level 4. HP: 28/34 MP: 4/4
  1859 | D:2      | Reached XP level 5. HP: 36/40 MP: 5/5
  2192 | D:3      | Found a snail-covered altar of Cheibriados.
  2196 | D:3      | Found a glowing golden altar of the Shining One.
  2646 | D:4      | Found a radiant altar of Vehumet.
  2646 | D:4      | Noticed a charred statue
  2945 | D:4      | Reached skill level 1 in Stealth
  2945 | D:4      | Reached XP level 6. HP: 47/47 MP: 6/6
  2962 | D:4      | Found a staircase to the Ecumenical Temple.
  3016 | Temple   | Entered the Ecumenical Temple
  3160 | Temple   | Became a worshipper of Qazlal Stormbringer
  3357 | D:4      | Found a shattered altar of Ashenzari.
  3358 | D:4      | Found a shimmering altar of Xom.
  3603 | D:4      | Reached XP level 7. HP: 32/52 MP: 7/7
  4176 | D:5      | Entered Level 5 of the Dungeon
  4188 | D:5      | Found a transporter.
  4189 | D:5      | Noticed Gruesph's ghost (novice MiBe)
  4200 | D:5      | Reached skill level 5 in Long Blades
  4200 | D:5      | Reached skill level 1 in Invocations
  4241 | D:5      | Noticed Ijyb
  4255 | D:5      | Killed Ijyb
  4275 | D:5      | Reached * piety under Qazlal
  4691 | D:5      | Reached skill level 2 in Invocations
  4971 | D:5      | Reached XP level 8. HP: 43/60 MP: 9/9
  5426 | D:5      | Reached skill level 3 in Invocations
  5482 | D:5      | Got an ancient falchion
  5483 | D:5      | Identified the +7 falchion of the Curious Wishes {slice,
                  | +Rage +Inv Stlth+} (You found it on level 5 of the Dungeon)
  5512 | D:5      | Found a transporter.
  5846 | D:5      | Killed Gruesph's ghost
  5846 | D:5      | Reached skill level 4 in Invocations
  6049 | D:6      | Found a shadowy altar of Dithmenos.
  6097 | D:6      | Noticed an unseen horror
  6104 | D:6      | Killed an unseen horror
  6104 | D:6      | Reached skill level 5 in Invocations
  6104 | D:6      | Reached XP level 9. HP: 57/67 MP: 12/12
  6138 | D:6      | Reached skill level 5 in Fighting
  6523 | D:6      | Reached ** piety under Qazlal
  7163 | D:6      | Reached skill level 6 in Invocations
  7172 | D:6      | Reached skill level 5 in Stealth
  7182 | D:6      | Reached XP level 10. HP: 69/74 MP: 14/14
  7618 | D:6      | Reached skill level 5 in Dodging
  7669 | D:7      | Found a burning altar of Makhleb.
  7696 | D:7      | Reached skill level 5 in Armour
  8001 | D:7      | Identified the ring of Harmony {rF+ rN+ MR+ Dex+2}
  8103 | D:7      | Found a transporter.
  8126 | D:7      | Noticed a two-headed ogre
  8140 | D:7      | Killed a two-headed ogre
  8140 | D:7      | Reached skill level 5 in Throwing
  8140 | D:7      | Reached skill level 7 in Invocations
  8362 | D:7      | Found a transporter.
  8960 | D:8      | Noticed Psyche
  8972 | D:8      | Killed Psyche
  9116 | D:8      | Reached skill level 8 in Invocations
  9439 | D:8      | Reached skill level 1 in Evocations
  9511 | D:8      | Reached XP level 11. HP: 68/83 MP: 17/17
  9564 | D:8      | Reached skill level 1 in Bows
  9663 | D:8      | Reached *** piety under Qazlal
 10098 | D:8      | Found a runed translucent gate.
 10099 | D:8      | Found a runed translucent gate.
 10100 | D:8      | Found a runed translucent gate.
 10100 | D:8      | Noticed Froggeryz's ghost (novice DrWn)
 10578 | D:9      | Noticed a white ugly thing
 10582 | D:9      | Killed a white ugly thing
 10673 | D:9      | Reached skill level 1 in Shields
 10941 | D:9      | Noticed a two-headed ogre
 10944 | D:9      | Killed a two-headed ogre
 10944 | D:9      | Reached skill level 9 in Invocations
 10965 | D:9      | Found a burning altar of Makhleb.
 11330 | D:10     | Entered Level 10 of the Dungeon
 11584 | D:10     | Reached **** piety under Qazlal
 11607 | D:10     | Noticed Nergalle
 11632 | D:10     | Killed Nergalle
 11792 | D:10     | Noticed Josephine
 11806 | D:10     | Killed Josephine
 11806 | D:10     | Reached XP level 12. HP: 59/91 MP: 7/19
 11817 | D:10     | Noticed Grum
 12063 | D:10     | Killed Grum
 12211 | D:10     | Noticed a two-headed ogre
 12304 | D:10     | Killed a two-headed ogre
 12312 | D:10     | Found a staircase to the Lair.
 12929 | D:10     | Reached skill level 10 in Invocations
 12952 | D:10     | Noticed a two-headed ogre
 13244 | D:11     | Noticed Fannar
 13534 | D:11     | Found a shadowy altar of Dithmenos.
 13546 | D:11     | Noticed Erolcha
 13609 | D:10     | Killed Erolcha
 13609 | D:10     | Reached skill level 10 in Long Blades
 13675 | D:11     | Killed Fannar
 14135 | D:10     | Got a translucent plate armour
 14165 | D:10     | Got a crude scale mail
 14196 | D:10     | Killed a two-headed ogre
 14229 | D:10     | Identified the +1 plate armour of Death Resistance {Str+7
                  | Dex+6} (You found it on level 10 of the Dungeon)
 14239 | D:10     | Identified the +2 scale mail "Uppu" {MP+9 Dex+3 SInv} (You
                  | found it on level 10 of the Dungeon)
 14317 | Lair:1   | Entered Level 1 of the Lair of Beasts
 14655 | Lair:1   | Noticed Sammaje's ghost (novice MiBe)
 14660 | Lair:1   | Found a runed translucent door.
 14767 | Lair:1   | Reached XP level 13. HP: 75/98 MP: 21/21
 15504 | D:8      | Killed Froggeryz's ghost
 15504 | D:8      | Reached skill level 11 in Invocations
 15627 | Lair:1   | Killed Sammaje's ghost
 15627 | Lair:1   | Reached skill level 5 in Evocations
 15735 | Lair:2   | Reached skill level 5 in Shields
 15819 | Lair:2   | Found a dark tunnel.
 15879 | Volcano  | Entered a volcano
 16390 | Volcano  | Noticed a fire dragon
 16397 | Volcano  | Killed a fire dragon
 16512 | Volcano  | Got a pair of transparent boots
 16518 | Volcano  | Identified the +0 pair of boots "Saunob" {rC+ rN+ Str+3
                  | SInv} (You found it in a volcano)
 16561 | Lair:2   | Found a staircase to the Swamp.
 16652 | Lair:2   | Noticed a catoblepas
 16669 | Lair:2   | Killed a catoblepas
 17065 | Lair:3   | Noticed Gastronok
 17097 | Lair:3   | Killed Gastronok
 17128 | Lair:3   | Reached skill level 12 in Invocations
 17389 | Lair:3   | Reached XP level 14. HP: 106/106 MP: 23/23
 17424 | Lair:3   | Got a transparent brass ring
 17552 | Lair:3   | Got a jewelled great sword
 17553 | Lair:3   | Identified the +9 great sword of the Well-Known Planets
                  | {antimagic, rPois rF+ rC+ MR+} (You found it on level 3 of
                  | the Lair of Beasts)
 18704 | Lair:4   | Found a staircase to the Snake Pit.
 19337 | Lair:5   | Reached skill level 5 in Bows
 19638 | Lair:5   | Identified the ring "Pemaisse" {*Tele rC- Str+6} (You found
                  | it on level 3 of the Lair of Beasts)
 20510 | Lair:6   | Entered Level 6 of the Lair of Beasts
 20872 | Lair:6   | Found a shimmering altar of Xom.
 20938 | Lair:6   | Reached skill level 13 in Invocations
 21334 | Lair:6   | Reached XP level 15. HP: 114/114 MP: 8/24
 21360 | Lair:6   | Found a large runed translucent door.
 21360 | Lair:6   | Found a large runed translucent door.
 21606 | Lair:6   | Found a viscous altar of Jiyva.
 21608 | Lair:6   | Found a staircase to the Slime Pits.
 22036 | D:11     | Noticed Urug
 22052 | D:11     | Killed Urug
 22690 | D:11     | Found Fipyc's Armour Shop.
 22692 | D:11     | Found a staircase to the Orcish Mines.
 23158 | D:12     | Reached ***** piety under Qazlal
 23475 | Orc:1    | Entered Level 1 of the Orcish Mines
 23610 | Orc:2    | Entered Level 2 of the Orcish Mines
 23792 | Orc:2    | Found a staircase to the Elven Halls.
 24202 | Orc:1    | Found a roughly hewn altar of Beogh.
 24228 | Orc:1    | Found a runed translucent gate.
 24228 | Orc:1    | Found a runed translucent gate.
 24228 | Orc:1    | Found a runed translucent gate.
 24254 | Orc:1    | Noticed Rygut's ghost (journeyman DrFi)
 24711 | Orc:2    | Reached skill level 10 in Fighting
 25218 | Orc:2    | Found Vun Guc's Assorted Antiques.
 25222 | Orc:2    | Found Upteg's Weapon Shop.
 25228 | Orc:2    | Found Harued's Distillery.
 25236 | Orc:2    | Found Plog's Antique Weapon Shoppe.
 25242 | Orc:2    | Bought a potion of berserk rage for 80 gold pieces
 25243 | Orc:2    | Bought a potion of mutation for 128 gold pieces
 25509 | Snake:1  | Entered Level 1 of the Snake Pit
 25705 | Snake:1  | Reached skill level 14 in Invocations
 25756 | Snake:1  | Reached skill level 10 in Armour
 25766 | Snake:1  | Reached XP level 16. HP: 63/122 MP: 8/26
 26611 | Snake:2  | Found a large runed translucent door.
 26612 | Snake:2  | Found a large runed translucent door.
 26612 | Snake:2  | Noticed Dittersdorf's ghost (adept MiBe)
 26638 | Snake:2  | Found the +12 glaive of Prune {chop}
 28974 | Snake:3  | Noticed Kirke
 28985 | Snake:3  | Killed Kirke
 29084 | Snake:3  | Got a distressingly furry chain mail
 29096 | Snake:3  | Identified the +7 chain mail of the Depths {rC+ Int+3} (You
                  | found it on level 3 of the Snake Pit)
 29679 | Snake:4  | Entered Level 4 of the Snake Pit
 29772 | Snake:4  | Reached ****** piety under Qazlal
 29799 | Snake:3  | Reached skill level 15 in Invocations
 30067 | Snake:3  | Reached XP level 17. HP: 76/130 MP: 2/28
 32138 | Snake:4  | Found a hazy altar of Hepliaklqana.
 32373 | Snake:4  | Got a serpentine rune of Zot
 32868 | Snake:4  | Reached skill level 10 in Shields
 33146 | Snake:2  | Killed Dittersdorf's ghost
 33466 | Elf:1    | Entered Level 1 of the Elven Halls
 33898 | Elf:1    | Found Nymmaodd's Food Emporium.
 33898 | Elf:1    | Found Ojilant's Book Shoppe.
 34092 | Elf:1    | Identified the +5 leather armour of Qell {Dex+2}
 34138 | Elf:1    | Reached skill level 10 in Dodging
 34243 | Elf:1    | Identified Maner's Reference Book on Creative Confrontation
 34343 | Elf:2    | Reached XP level 18. HP: 138/138 MP: 9/29
 34380 | Elf:2    | Found a ruined gateway.
 34493 | Desolati | Entered the Desolation of Salt
 34504 | Desolati | Reached skill level 16 in Invocations
 34511 | Desolati | Killed from afar by a servant of whispers

Levels and vault maps discovered:
D:1:      moated_graveyard_arrival, layout_basic, serial_park_tiny_2,
          minmay_crystal_room
D:2:      layout_rooms, first_ration, minmay_rat_hole
D:3:      layout_rooms, grunt_temple_overflow_open
D:4:      layout_loops_ring, gammafunk_temple_overflow_statue, vehumet_statue,
          minmay_temple_entry_purple_smoke
D:5:      layout_basic, gammafunk_ghost_arena, uniq_ijyb
D:6:      minmay_evil_eye, layout_basic, basic_altar, hex_tiny
D:7:      gammafunk_cloud_chamber, layout_rooms, kennysheep_little_box
D:8:      layout_basic, special_room [special_room_orc],
          ebering_ghost_rock_garden, uniq_psyche
D:9:      layout_cave_pools, grunt_pizzeria, bloody_makhleb
D:10:     lemuel_flame_loot_2, layout_loops_ring, erik_lair_orcish_takeover,
          grunt_decor_clamped, uniq_grum, uniq_nergalle, uniq_josephine
D:11:     layout_long_grid, orc_david_3, basic_altar, enter_bailey_3,
          uniq_fannar, uniq_urug, uniq_erolcha
D:12:     kennysheep_ambush_hall, layout_rooms
Temple:   nicolae_temple_elliptical
Lair:1:   layout_regular_city, hellmonk_ghost_happy_afterlife,
          lemuel_fruit_fields
Lair:2:   layout_roguey, minmay_swamp_entry_swarm, enter_volcano_4,
          serial_bayou_pond_c
Lair:3:   layout_regular_city, uniq_gastronok
Lair:4:   layout_cave_pods, guppyfry_snake_entry_garden
Lair:5:   layout_cave_pods, chequers_serial_rivers_micro_b,
          beast_lair_carwin_10, serial_bayou_shore_a
Lair:6:   cheibrodos_lair_end_hotspot, layout_misc_corridors, slime_altar_1,
          basic_altar, st_stairs_13, lemuel_fruit_tree
Snake:1:  layout_basic
Snake:2:  layout_gridlike, ebering_ghost_disaster_area
Snake:3:  layout_honeycomb, serial_bayou_crossing, uniq_kirke
Snake:4:  minmay_snake_end_coiled, layout_basic, basic_altar, drop_trap,
          st_stairs_11
Orc:1:    layout_caves, gammafunk_ghost_split, mines1_david
Orc:2:    st_orc_elflike, layout_diamond_mine
Elf:1:    elf_arrival_002, layout_rooms, minmay_elf_sorcery, minmay_shoptagon
Elf:2:    layout_geoelf_octagon, portal_desolation_entry_nicolae_slug
Desolation

Skill      XL: |  1  2  3  4  5  6  7  8  9 10 11 12 13 14 15 16 17 18 |
---------------+-------------------------------------------------------+-----
Armour         | 1 2 3 4 6 7 8 9 10 11 | 11.3
Dodging        | 3 4 5 6 7 8 9 10 | 10.0
Long Blades    | 4 5 6 7 8 9 10 11 12 13 14 | 14.5
Fighting       | 3 4 5 6 7 8 9 10 11 | 11.5
Stealth        | 1 2 4 5 |  5.0
Invocations    | 2 5 6 8 9 10 12 13 14 15 16 | 16.0
Throwing       | 3 4 5 |  5.1
Evocations     | 1 3 4 6 7 8 9 |  9.9
Bows           | 2 3 4 5 6 7 |  7.6
Shields        | 3 4 6 7 8 9 10 | 10.4

Action                   |  1- 3 |  4- 6 |  7- 9 | 10-12 | 13-15 | 16-18 || total
-------------------------+-------+-------+-------+-------+-------+-------++-------
Melee: Long sword        |    94 |   177 |   169 |       |       |       ||   440
       Falchion          |       |       |   115 |   591 |   304 |       ||  1010
       Great sword       |       |       |       |       |   609 |   692 ||  1301
       Rapier            |       |       |       |       |     3 |       ||     3
 Fire: Shortbow          |       |       |       |   269 |   183 |   186 ||   638
Throw: Dart              |       |     3 |     4 |     3 |       |       ||    10
       Throwing net      |       |       |     3 |       |       |       ||     3
       Javelin           |       |       |     1 |       |       |       ||     1
       Boomerang         |       |       |     5 |     2 |       |       ||     7
Invok: Upheaval          |       |       |     1 |    13 |    21 |     4 ||    39
       Elemental Force   |       |       |       |     1 |       |     1 ||     2
       Disaster Area     |       |       |       |       |       |     1 ||     1
 Abil: Dig               |     1 |     2 |     3 |     3 |     3 |       ||    12
Evoke: Wand              |       |       |     1 |       |     1 |       ||     2
  Use: Scroll            |     3 |     5 |     4 |     9 |    14 |    11 ||    46
       Potion            |       |       |     3 |     2 |       |       ||     5
 Stab: Petrified         |       |       |       |       |     1 |       ||     1
  Eat: Chunk             |     1 |     7 |    13 |    27 |    33 |    15 ||    96
       Ration            |       |       |     2 |       |     1 |     4 ||     7
Armor: Leather armour    |    21 |     5 |       |       |       |       ||    26
       Scale mail        |       |    48 |     9 |       |       |       ||    57
       Chain mail        |       |       |    62 |       |       |    88 ||   150
       Plate armour      |       |       |    21 |   203 |   205 |    53 ||   482
Dodge: Dodged            |    59 |   120 |   102 |   125 |   276 |   229 ||   911
       Deflected         |       |       |       |       |     8 |    50 ||    58
Block: Other             |       |       |    15 |    17 |       |       ||    32
       Shield            |       |       |       |   300 |   944 |   916 ||  2160
       Rpst.: Long sword |    15 |    40 |    22 |       |       |       ||    77
       Falchion          |       |       |    13 |    38 |    14 |       ||    65
       Great sword       |       |       |       |       |    45 |    36 ||    81
